 Dungeon Crawl Stone Soup version 0.28.0-43-g3370ac3207 (webtiles) character file.

Game seed: 10805510850929897289

1 pkoi the Gusty (level 1, -3/11 HPs)
             Began as an Octopode Air Elementalist on Mar 18, 2022.
             Slain by a hobgoblin (5 damage)
             ... on level 1 of the Dungeon.
             The game lasted 00:00:18 (33 turns).

pkoi the Gusty (Octopode Air Elementalist)            Turns: 33, Time: 00:00:19

Health: -3/11      AC:  1    Str:  7    XL:     1   Next: 20%
Magic:  0/3        EV: 13    Int: 17    God:
Gold:   0          SH:  0    Dex: 12    Spells: 3/4 levels left

rFire   . . .      SeeInvis .   (no weapon)
rCold   . . .      Faith    .   (no shield)
rNeg    . . .      Spirit   .   (helmet restricted)
rPois   .          Reflect  .   (no amulet)
rElec   .          Harm     .   (no ring)
rCorr   .          Rampage  .   (no ring)
Will    .....                   (no ring)
Stlth   +++.......              (no ring)
HPRegen 0.03/turn               (no ring)
MPRegen 0.08/turn               (no ring)
                                (no ring)
                                (no ring)

@: very slightly contaminated
A: almost no armour, amphibious, 8 rings, camouflage 1, gelatinous body 1,
(nimble swimmer 1), tentacles
a: no special abilities


You were on level 1 of the Dungeon.
You visited 1 branch of the dungeon, and saw 1 of its levels.

You aren't carrying anything.


   Skills:
 - Level 2.0 Dodging
 + Level 2.8 Stealth
 - Level 2.0 Spellcasting
 - Level 1.0 Conjurations
 + Level 3.0 Air Magic


You had 3 spell levels left.
You knew the following spells:

 Your Spells              Type           Power      Damage    Failure   Level
a - Shock                 Conj/Air       32%        1d5       9%          1

Your spell library contained the following spells:

 Spells                   Type           Power      Damage    Failure   Level
 Static Discharge         Conj/Air       8%         N/A       13%         2
 Swiftness                Air            12%        N/A       17%         3
 Airstrike                Air            6%         N/A       50%         4


Dungeon Overview and Level Annotations

Branches:
Dungeon (1/15)

Altars:


Innate Abilities, Weirdness & Mutations

You cannot wear most types of armour.
You are amphibious.
You can wear up to eight rings at the same time.
Your skin changes colour to match your surroundings (Stealth+).
Your rubbery body absorbs attacks. (AC +1, EV +1)
((You are camouflaged when in or above water. (Stealth+)))
You have tentacles for arms and can constrict up to eight enemies at once.


Message History

You tentacle-slap the quokka. Your grab misses the quokka.
Your squeeze misses the quokka.
The quokka is moderately wounded.
The quokka closely misses you. The quokka misses you.
You barely miss the quokka. You grab the quokka.
The quokka is moderately wounded.
You constrict the quokka, but do no damage.
The quokka misses you.
You tentacle-slap the quokka but do no damage.
The quokka is moderately wounded.
You constrict the quokka. The quokka bites you.
You tentacle-slap the quokka but do no damage.
The quokka is heavily wounded.
You constrict the quokka. The quokka bites you.
You tentacle-slap the quokka but do no damage.
The quokka is severely wounded.
You constrict the quokka. The quokka closely misses you.
The hobgoblin completely misses you.
You tentacle-slap the quokka.
You kill the quokka!
The hobgoblin hits you.
* * * LOW HITPOINT WARNING * * *
Aiming: Shock (safe; 9% risk of failure)
Press: ? - help, Q - select action Shift-Dir - straight line, f - hobgoblin
Aim: a hobgoblin (heavily wounded, 68% to hit)
You miscast Shock.
You are very lightly contaminated with residual magic.
Nothing appears to happen.
The hobgoblin hits you.
* * * LOW HITPOINT WARNING * * *
You don't have enough magic to cast this spell.
Unknown command.
You barely miss the hobgoblin. You grab the hobgoblin.
The hobgoblin is heavily wounded.
You constrict the hobgoblin, but do no damage.
The hobgoblin completely misses you.
You tentacle-slap the hobgoblin but do no damage.
The hobgoblin is heavily wounded.
You constrict the hobgoblin. The hobgoblin hits you.
You die...

##### . ###<.÷# ..
#.....## ...###
##......# #....#
#.......##
#..g..###...##.g.#####
#..g...###.@.÷...#
#.....## ##÷.....#
.........# #...##.#
.....###### #...# #
##### ..... .......
#..###### #.. #..


You could see a hobgoblin.

Vanquished Creatures
  A quokka (D:1)
1 creature vanquished.

Notes
Turn   | Place    | Note
-------+----------+-------------------------------------------
     0 | D:1      | pkoi the Octopode Air Elementalist began the quest for the
                  | Orb.
     0 | D:1      | Reached XP level 1. HP: 11/11 MP: 3/3
    33 | D:1      | Slain by a hobgoblin

Illustrated notes

Levels and vault maps discovered:
D:1:      amcnicky_arrival_wind_blow, layout_loops_corners,
          basic_ecumenical_altar, minivault_23

Action                   || total
-------------------------++-------
Melee: Unarmed           ||     8
       Constrict         ||     2
 Cast: Shock             ||     2
Dodge: Dodged            ||     7
